 Dungeon Crawl Stone Soup version 0.27-a0-1084-g78b3836a5f (webtiles) character file.

Game seed: 9356743726735019683

91 voltaire321 the Ducker (level 4, -2/34 HPs)
             Began as a Djinni Gladiator on Apr 26, 2021.
             Slain by a worm (9 damage)
             ... on level 3 of the Dungeon.
             The game lasted 00:05:16 (2816 turns).

voltaire321 the Ducker (Djinni Gladiator)           Turns: 2816, Time: 00:05:17

Health: -2/34      AC:  4    Str: 13    XL:     4   Next: 59%
Gold:   120        EV: 13    Int: 10    God:
                   SH:  0    Dex: 15

rFire    + + .     SeeInvis .   a - +0 long sword
rCold    x . .     Faith    .   (no shield)
rNeg     . . .     Spirit   .   b - +0 leather armour
rPois    ∞         Reflect  .   c - +0 helmet
rElec    .         Harm     .   (no cloak)
rCorr    .         Rampage  .   (no gloves)
Will     .....                  (boots unavailable)
Stlth    +.........             (no amulet)
HPRegen  0.11/turn              (no ring)
MPRegen  0.00/turn              (no ring)

@: flying
A: fire resistance 2, cold vulnerability 1, float, innate caster, hp casting,
extra vitality 1
a: no special abilities


You were on level 3 of the Dungeon.
You visited 1 branch of the dungeon, and saw 3 of its levels.

You collected 120 gold pieces.

Inventory:

Hand Weapons
 a - a +0 long sword (weapon)
Missiles
 d - 4 throwing nets (quivered)
Armour
 b - a +0 leather armour (worn)
 c - a +0 helmet (worn)
Jewellery
 g - an amulet of faith
Scrolls
 h - a scroll of magic mapping {unknown}
Potions
 e - a potion of curing {unknown}
 f - a potion of ambrosia {unknown}
 i - a potion of haste {unknown}


   Skills:
 + Level 2.8 Fighting
 + Level 3.2 Long Blades
 - Level 1.5 Throwing
 + Level 4.0 Dodging
 + Level 1.4 Spellcasting


You had 4 spell levels left.
You knew the following spells:

 Your Spells              Type           Power      Damage    Failure   Level
a - Shock                 Conj/Air       12%        1d3       22%         1
Your spell library was empty.

Dungeon Overview and Level Annotations

Branches:
Dungeon (3/15)

Altars:

Annotations:
D:2 1 runed translucent door, Crazy Yiuf


Innate Abilities, Weirdness & Mutations

You are immune to poison.
Your flesh is very heat resistant. (rF++)
You are vulnerable to cold. (rC-)
You float through the air rather than walking.
You learn spells naturally, not from books.
Your magical power is your life essence.
You have superior vitality. (+4 HP)


Message History

A worm comes into view.
There is a stone staircase leading up here.
An endoplasm comes into view.
The worm completely misses you.
The endoplasm quivers.
You slash the worm!
The worm is moderately wounded.
You barely miss the worm.
The worm is moderately wounded.
The worm barely misses you.
You completely miss the worm.
The worm is moderately wounded.
The worm bites you.
You barely miss the worm.
The worm is moderately wounded.
The worm bites you.
You hit the endoplasm.
The endoplasm is heavily wounded.
The endoplasm hits you but does no damage.
You hit the endoplasm.
You kill the endoplasm!
The worm bites you.
You barely miss the worm.
The worm is lightly wounded.
The worm closely misses you.
You completely miss the worm. You hit the worm but do no damage.
The worm bites you.
You hit the worm.
The worm is moderately wounded.
The worm bites you!
* * * LOW HITPOINT WARNING * * *
You hit the worm.
The worm is moderately wounded.
The worm misses you.
You hit the worm.
The worm is moderately wounded.
You slash the worm!
The worm is severely wounded.
The worm bites you!
You die...

#.....#
###.....#
.......#
#......#
###......#
#........#
#......####
#..w.......
#...#@#######
#.. +.<.....#
#. #.......#
# #.......#
#.......#
#.......#
#.......#
#.......#
#########


You could see a worm.

Vanquished Creatures
  Jessica (D:2)
  An adder (D:2)
  2 worms (D:2)
  A dart slug (D:1)
  2 endoplasms
  3 giant cockroaches (D:1)
  3 hobgoblins
  11 jackals
  3 kobolds
  6 ball pythons
  5 bats
  6 frilled lizards
  2 rats
46 creatures vanquished.

Notes
Turn   | Place    | Note
-------+----------+-------------------------------------------
     0 | D:1      | voltaire321 the Djinni Gladiator began the quest for the
                  | Orb.
     0 | D:1      | Reached XP level 1. HP: 18/18 MP: 0/0
    25 | D:1      | Found a faded altar of an unknown god.
    77 | D:1      | Reached XP level 2. HP: 22/23 MP: 0/0
   692 | D:1      | Reached XP level 3. HP: 28/29 MP: 0/0
   692 | D:1      | Learned a level 1 spell: Shock
   989 | D:1      | Reached skill level 1 in Spellcasting
  1285 | D:2      | Noticed Jessica
  1307 | D:2      | Killed Jessica
  1308 | D:2      | Reached XP level 4. HP: 20/34 MP: 0/0
  1631 | D:2      | Reached skill level 4 in Dodging
  1826 | D:2      | Found a runed translucent door.
  1827 | D:2      | Noticed Crazy Yiuf
  2816 | D:3      | Slain by a worm

Illustrated notes

Levels and vault maps discovered:
D:1:      noname_arrival_rooms_in_the_neighbourhood, layout_basic,
          hellmonk_ecumenical_altar_run_dry, minmay_lizard_pond
D:2:      layout_basic, uniq_crazy_yiuf_cottage, uniq_jessica
D:3:      layout_basic, marbit_many_paths

Skill      XL: |  1  2  3  4 |
---------------+-------------+-----
Long Blades    | 3 |  3.2
Spellcasting   | 1 |  1.4
Dodging        | 4 |  4.0
Fighting       | |  2.8
Throwing       | |  1.5

Action                   |  1- 3 |  4- 6 || total
-------------------------+-------+-------++-------
Melee: Long sword        |    69 |    62 ||   131
Armor: Leather armour    |    27 |    10 ||    37
Dodge: Dodged            |    49 |    43 ||    92
       Rpst.: Long sword |    13 |    13 ||    26

Table legend: (Time is in decaauts)
 A = Elapsed time spent in this place.
 B = Non-inter-level travel time spent in this place.
 C = Inter-level travel time spent in this place.
 D = Time resting spent in this place.
 E = Time spent auto-exploring this place.
 F = Levels seen in this place.
 G = Mean time per level.
                   A        B        C        D        E       F      G
               +--------+--------+--------+--------+--------+-----+--------+
         Total |   2855 |   2578 |    277 |    477 |   1673 |   3 |  951.7 |
       Dungeon |   2855 |   2578 |    277 |    477 |   1673 |   3 |  951.7 |
               +--------+--------+--------+--------+--------+-----+--------+

Top non-repeatable levels by time:
     D:2: 1473 daAuts
     D:1: 1290 daAuts
     D:3: 92 daAuts
